 Dungeon Crawl Stone Soup version 0.31-a0-851-g7ff8af7976 (webtiles) character file.

Game seed: 10457397644601866104

0 cforsyth the Stinger (level 1, 0/15 HPs)
             Began as a Djinni Necromancer on Oct 6, 2023.
             Slain by a quokka (2 damage)
             ... on level 1 of the Dungeon.
             The game lasted 00:01:04 (101 turns).

cforsyth the Stinger (Djinni Necromancer)            Turns: 101, Time: 00:01:05

Health: 0/15       AC:  2    Str:  7    XL:     1   Next: 11%
Gold:   0          EV: 12    Int: 16    God:
                   SH:  0    Dex: 13

rFire   + + .        (no weapon)
rCold   x . .        (no shield)
rNeg    . . .        a - +0 robe
rPois   ∞            (no helmet)
rElec   .            (no cloak)
rCorr   .            (no gloves)
SInv    .            (boots unavailable)
Will    .....        (no amulet)
Stlth   ++           (no ring)
HPRegen 0.22/turn    (no ring)
MPRegen 0.00/turn

%: infuse magic (-1 HP)
@: flying
A: sickness immunity, fire resistance 2, cold vulnerability 1, float, innate
caster, HP casting, extra vitality 1
a: no special abilities


You were on level 1 of the Dungeon.
You visited 1 branch of the dungeon, and saw 1 of its levels.

Inventory:

Armour
 a - a +0 robe (worn)
Scrolls
 b - 2 scrolls of revelation {unknown}
Potions
 c - a potion of curing {unknown}


   Skills:
 + Level 0.0 Fighting
 - Level 2.1 Dodging
 - Level 1.5 Stealth
 + Level 3.4 Spellcasting
 + Level 3.4 Conjurations
 + Level 3.4 Hexes
 + Level 3.4 Summonings
 + Level 3.4 Necromancy
 + Level 3.4 Translocations
 + Level 3.4 Transmutations
 + Level 3.4 Fire Magic
 + Level 3.4 Ice Magic
 + Level 3.4 Air Magic
 + Level 3.4 Earth Magic
 + Level 3.4 Poison Magic


You knew the following spells:

 Your Spells              Type           Power      Damage    Failure   Level
a - Necrotise             Necr           52%        1d6       4%          1
b - Vampiric Draining     Necr           13%        2d6       13%         3
c - Animate Dead          Necr           13%        N/A       41%         4
d - Agony                 Necr           13%        N/A       77%         5
Your spell library was empty.

Dungeon Overview and Level Annotations

Branches:
Dungeon (1/15)

Altars:


Innate Abilities, Weirdness & Mutations

You are immune to sickness and miasma.
You are immune to poison.
Your flesh is very heat resistant. (rF++)
You are vulnerable to cold. (rC-)
You float through the air rather than walking.
You learn spells naturally, not from books.
Your magical power is your life essence.
You have superior vitality. (+4 MHP)


Message History

The ball python bites you but does no damage.
The ball python constricts you.
You closely miss the ball python.
The quokka bites you but does no damage.
The ball python closely misses you. The ball python constricts you.
You are too injured to fight recklessly!
You are too injured to fight recklessly!
You are too injured to fight recklessly!
You are too injured to fight recklessly!
You are too injured to fight recklessly!
You are too injured to fight recklessly!
You are too injured to fight recklessly!
You are too injured to fight recklessly!
You are too injured to fight recklessly!
You are too injured to fight recklessly!
You are too injured to fight recklessly!
You are too injured to fight recklessly!
You are too injured to fight recklessly!
You escape the ball python's grasp.
The ball python attacks as it pursues you!
The ball python barely misses you. The ball python grabs you.
The ball python constricts you.
The quokka twitches its whiskers.
The quokka bites you.
You see here 15 gold pieces.
You escape the ball python's grasp.
You barely miss the quokka. The quokka barely misses you.
You hit the quokka.
The quokka is moderately wounded.
The quokka barely misses you.
You are too injured to fight recklessly!
You hit the quokka but do no damage.
The quokka is moderately wounded.
The quokka bites you.
* * * LOW HITPOINT WARNING * * *
The quokka barely misses you.
You hit the quokka.
The quokka is heavily wounded.
The quokka bites you.
You die...

###.###....#
#.....8....#
#.# #..#.#
#..##...##..
#.# #....#
#.. ##.## ..
#.# #.#..#
#.# #'# #
#.# #.#..##
#. #'#
#.###.#...#
#. ##⌠##
#..##.##..##
[. +⌠<⌠+
##.#..###..#
. ##⌠##
#..(##
#@.### #+#
##..#
##r..#.#
#..#
#$S.?(.#
#..#
#......#
##.#
#...$..# #.#
#......# ...
.......# ..
.###.### ..
.#


You could see a quokka and a ball python.

Vanquished Creatures
  A frilled lizard (D:1)
1 creature vanquished.

Notes
Turn   | Place    | Note
-------+----------+-------------------------------------------
     0 | D:1      | cforsyth the Djinni Necromancer began the quest for the
                  | Orb.
     0 | D:1      | cforsyth set off with the following spells memorised:
                  | Necrotise, Vampiric Draining, Animate Dead, Agony.
     0 | D:1      | Reached XP level 1. HP: 15/15 MP: 0/0
   101 | D:1      | Slain by a quokka

Illustrated notes

Levels and vault maps discovered:
D:1:      grunt_arrival_crossed_arrows, layout_rooms, basic_ecumenical_altar

Action                     || total
---------------------------++-------
  Melee: Unarmed           ||    18
   Cast: Necrotise         ||     2
 Armour: Robe              ||    13
  Dodge: Dodged            ||    13

Table legend: (Time is in decaauts)
 A = Elapsed time spent in this place.
 B = Non-inter-level travel time spent in this place.
 C = Inter-level travel time spent in this place.
 D = Time resting spent in this place.
 E = Time spent auto-exploring this place.
 F = Levels seen in this place.
 G = Mean time per level.
                   A        B        C        D        E       F      G
               +--------+--------+--------+--------+--------+-----+--------+
         Total |    101 |    101 |      0 |      0 |     66 |   1 |  101.0 |
       Dungeon |    101 |    101 |      0 |      0 |     66 |   1 |  101.0 |
               +--------+--------+--------+--------+--------+-----+--------+

Top non-repeatable levels by time:
     D:1: 101 daAuts
